 Dungeon Crawl Stone Soup version 0.25.1-2-g60ff931df9 (webtiles) character file.

Game seed: 6762421003427285492

4564 Zudd the Frost Mage (level 10, -8/66 HPs)
             Began as a Barachi Ice Elementalist on Oct 24, 2020.
             Was an Initiate of Cheibriados.
             Shot with an arrow by a centaur warrior (12 damage)
             ... on level 9 of the Dungeon.
             The game lasted 01:26:37 (9968 turns).

Zudd the Frost Mage (Barachi Ice Elementalist)      Turns: 9968, Time: 01:26:38

Health: -8/66      AC: 10    Str: 11    XL:     10   Next: 40%
Magic:  18/22      EV: 13    Int: 20    God:    Cheibriados [......]
Gold:   448        SH:  0    Dex: 13    Spells: 9/26 levels left

rFire    . . .     SeeInvis .   X - +3 scimitar (flame)
rCold    + . .     Gourm    .   (no shield)
rNeg     . . .     Faith    .   e - +0 ring mail {rPois}
rPois    +         Spirit   .   G - +0 helmet
rElec    .         Reflect  .   E - +1 cloak
rCorr    .         Harm     .   v - +0 pair of gloves
MR       .....                  o - +0 pair of boots
Stlth    +.........             (no amulet)
HPRegen  0.21/turn              g - ring of protection from cold
MPRegen  0.18/turn              (no ring)

@: very slow
A: +LOS, swims, slowness 1, strong legs 1
a: Hop, Bend Time, Renounce Religion


You were on level 9 of the Dungeon.
You worshipped Cheibriados.
Cheibriados was noncommittal.
You were not hungry.

You visited 1 branch of the dungeon, and saw 9 of its levels.

You collected 448 gold pieces.

Inventory:

Hand Weapons
 f - a +1 dagger of venom
 t - a +0 hunting sling
 X - a +3 scimitar of flaming (weapon)
Missiles
 m - 229 stones
 n - 130 arrows
 s - 11 poisoned darts
 x - 6 atropa-tipped darts
 M - 2 silver boomerangs
 P - 2 throwing nets
 Q - 9 boomerangs (quivered)
 Y - 7 javelins
Armour
 a - a +0 robe
 e - a +0 ring mail of poison resistance (worn)
 o - a +0 pair of boots (worn)
 v - a +0 pair of gloves (worn)
 E - a +1 cloak (worn)
 G - a +0 helmet (worn)
 U - a +1 scale mail of fire resistance
Magical Staves
 V - an uncursed staff of wizardry
Jewellery
 g - a ring of protection from cold (left hand)
 i - an uncursed amulet of faith
Wands
 y - a wand of disintegration (11)
 D - a wand of iceblast (14)
 J - a wand of polymorph (8)
 O - a wand of flame (8)
Scrolls
 b - a scroll of enchant armour
 d - a scroll of identify
 k - 3 scrolls of amnesia
 r - a scroll of remove curse
 w - a scroll of blinking {unknown}
 z - a scroll of immolation {unknown}
 A - a scroll of fear
 F - a scroll of acquirement {unknown}
 I - 3 scrolls of magic mapping
 T - a scroll of fog {unknown}
Potions
 h - 4 potions of curing
 j - 3 potions of magic {unknown}
 l - 2 potions of heal wounds {unknown}
 p - 3 potions of might {unknown}
 q - a potion of degeneration {unknown}
 u - 2 potions of flight {unknown}
 B - 2 potions of lignification {unknown}
 H - a potion of experience {unknown}
 K - 2 potions of haste {unknown}
 R - 2 potions of brilliance {unknown}
 S - a potion of stabbing {unknown}
 W - a potion of invisibility
Comestibles
 c - 21 rations
 C - 3 chunks of flesh


   Skills:
 + Level 1.5 Fighting
 * Level 4.4 Long Blades
 - Level 0.1 Throwing
 * Level 7.1 Dodging
 - Level 2.2 Stealth
 + Level 8.5 Spellcasting
 + Level 0.1 Conjurations
 + Level 2.6 Charms
 - Level 4.0 Summonings
 + Level 11.3 Ice Magic


You had 9 spell levels left.
You knew the following spells:

 Your Spells              Type           Power        Failure   Level  Hunger
a - Freeze                Ice            ####         1%          1    None
b - Frozen Ramparts       Ice            ######       1%          3    None
c - Ozocubu's Armour      Chrm/Ice       #####...     3%          3    None
d - Summon Ice Beast      Ice/Summ       #####...     9%          4    ###....
e - Hailstorm             Conj/Ice       ####....     19%         4    ###....
f - Blink                 Tloc           N/A          30%         2    None

Your spell library contained the following spells:

 Spells                   Type           Power        Failure   Level  Hunger
 Shroud of Golubria       Chrm/Tloc      ##....       17%         2    None
 Gell's Gravitas          Tloc           #.........   52%         3    None
 Lesser Beckoning         Tloc           #.........   52%         3    None
 Teleport Other           Tloc           #.......     52%         3    None
 Passage of Golubria      Tloc           N/A          89%         4    ###....


Dungeon Overview and Level Annotations

Branches:
Dungeon (9/15)
 Temple: D:4-7         Lair: D:8-11         Orc: D:9-12

Altars:
Ashenzari
Cheibriados
Sif Muna
Vehumet

Annotations:
D:4 Menkaure


Innate Abilities, Weirdness & Mutations

You can be seen from farther away. (+LOS)
You can swim through water.
You cover ground slowly.
You can hop short distances.


Message History

* * * LOW HITPOINT WARNING * * *
You see here an arrow.
Aiming: Iceblast
Press: ? - help, Shift-Dir - straight line Out of range.
Okay, then.
Casting: Hailstorm (dangerous; 19% risk of failure)
Confirm with . or Enter, or press ? or * to list all spells.
A chill wind blows around you. What are your orders? t - Ribbit!
Orders for allies: a - Attack new target. r - Retreat! s - Stop attacking. g - Guard the area. f - Follow me.
Anything else - Cancel.
Gang up on whom?
Press: ? - help, Dir - move target cursor, f - centaur warrior
Aim: a centaur warrior, wielding a +0 shortbow and quivering 5 arrows Attack!
The centaur warrior shoots an arrow.
The arrow hits you!
You die...

#.......######
#.......+ #.......#
#.......# #.......#
#####...# #...# #
#.(.# .## #..@#
######....
###...####.........
#....Y(((..........
#####....(.........
#......%.......
#..............
#......c........
#...............
#.>.............


You could see a centaur warrior and a friendly ice beast (summoned).

Vanquished Creatures
  Erica (D:8)
  A hippogriff (D:8)
  3 hogs (D:7)
  A wyvern (D:8)
  Eustachio (D:6)
  A human (D:7)
  A hungry ghost (D:8)
  An ice beast (D:7)
  2 sky beasts
  4 orc warriors
  5 ogres
  2 centaurs
  3 bullfrogs (D:7)
  3 crimson imps
  A hound (D:5)
  2 orc priests (D:8)
  A jelly (D:7)
  3 orc wizards
  3 iguanas
  4 worker ants
  2 hound skeletons
  A howler monkey zombie (D:6)
  A worker ant zombie (D:6)
  10 adders
  4 gnolls (D:8)
  3 shadow imps
  6 oozes
  2 worms
  A dart slug (D:2)
  3 leopard geckos
  20 orcs
  3 ball pythons
  2 giant cockroaches
  8 goblins
  6 hobgoblins
  2 jackals (D:7)
  5 kobolds
  6 quokkas
  9 bats
  2 frilled lizards
  A quokka zombie (D:8)
  9 rats
149 creatures vanquished.

Vanquished Creatures (collateral kills)
  Psyche (D:8)
  Maurice (D:8)
  A hog (D:7)
  An orc priest (D:7)
  A killer bee zombie (D:6)
  An adder (D:8)
6 creatures vanquished.

Grand Total: 155 creatures vanquished

Notes
Turn   | Place    | Note
-------+----------+-------------------------------------------
     0 | D:1      | Zudd the Barachi Ice Elementalist began the quest for the
                  | Orb.
     0 | D:1      | Reached XP level 1. HP: 13/13 MP: 3/3
    92 | D:1      | Reached skill level 5 in Ice Magic
   168 | D:1      | Reached XP level 2. HP: 14/19 MP: 0/5
   583 | D:1      | Reached XP level 3. HP: 24/24 MP: 4/6
   633 | D:1      | Learned a level 3 spell: Frozen Ramparts
  1226 | D:2      | Reached skill level 6 in Ice Magic
  1226 | D:2      | Reached XP level 4. HP: 24/30 MP: 2/8
  1632 | D:2      | Learned a level 3 spell: Ozocubu's Armour
  1912 | D:2      | Reached XP level 5. HP: 35/35 MP: 6/10
  2621 | D:3      | Learned a level 4 spell: Summon Ice Beast
  3228 | D:4      | Noticed Menkaure
  3391 | D:5      | Entered Level 5 of the Dungeon
  3484 | D:5      | Found a shimmering blue altar of Sif Muna.
  3671 | D:5      | Noticed a centaur
  3677 | D:5      | Killed a centaur
  3677 | D:5      | Reached skill level 7 in Ice Magic
  3677 | D:5      | Reached XP level 6. HP: 30/41 MP: 7/12
  4331 | D:5      | Reached XP level 7. HP: 47/47 MP: 3/14
  4988 | D:6      | Reached skill level 5 in Spellcasting
  4988 | D:6      | Reached skill level 8 in Ice Magic
  4994 | D:6      | Learned a level 4 spell: Hailstorm
  5419 | D:6      | Reached skill level 9 in Ice Magic
  5419 | D:6      | Reached XP level 8. HP: 13/53 MP: 6/16
  5804 | D:6      | Noticed Eustachio
  5815 | D:6      | Killed Eustachio
  5815 | D:6      | Reached skill level 1 in Charms
  6278 | D:7      | Found a shimmering blue altar of Sif Muna.
  6290 | D:7      | Learned a level 2 spell: Blink
  6323 | D:7      | Found a shattered altar of Ashenzari.
  6331 | D:7      | Reached skill level 1 in Summonings
  6543 | D:7      | Reached skill level 5 in Dodging
  6746 | D:7      | Reached skill level 10 in Ice Magic
  6746 | D:7      | Reached XP level 9. HP: 58/58 MP: 14/19
  6853 | D:7      | Found a radiant altar of Vehumet.
  6995 | D:7      | Reached skill level 1 in Long Blades
  8122 | D:8      | Noticed Erica
  8669 | D:8      | Noticed Psyche
  8674 | D:8      | Killed Psyche
  8674 | D:8      | Reached skill level 1 in Fighting
  8678 | D:8      | Found a snail-covered altar of Cheibriados.
  8697 | D:8      | Became a worshipper of Cheibriados the Contemplative
  8740 | D:8      | Reached XP level 10. HP: 50/65 MP: 15/21
  8943 | D:8      | Reached skill level 11 in Ice Magic
  9081 | D:8      | Killed Erica
  9695 | D:8      | Noticed Maurice
  9707 | D:8      | Killed Maurice
  9960 | D:9      | Noticed a centaur warrior
  9966 | D:9      | HP: 3/66 [centaur warrior/arrow (13)]
  9968 | D:9      | Shot with an arrow by a centaur warrior

Illustrated notes

Levels and vault maps discovered:
D:1:      minmay_arrival_widening_spiral_wide, layout_loops_ring
D:2:      layout_loops_cross, serial_glass, glass_columns_a, glass_columns_b,
          feat_on_display, item_on_display_a, item_on_display_a, feat_on_display
D:3:      layout_basic
D:4:      layout_cave_pools, minmay_temple_entry_proselytizer, first_ration,
          uniq_grinder, uniq_blork_the_orc, uniq_menkaure
D:5:      layout_gridville, basic_altar
D:6:      layout_gridville, nrook_loot_triangle, uniq_eustachio
D:7:      layout_basic, nicolae_overflow_hidden_temple, serial_glass,
          glass_columns_c, glass_columns_b, grunt_livestock,
          minmay_misc_feat_rugged, vehumet_altar_wand_db
D:8:      layout_loops_ring, slow_altar_1, uniq_psyche, uniq_erica, uniq_maurice
D:9:      layout_irregular_city, lemuel_crystal_altar,
          minmay_orc_entry_guard_dogs, minmay_misc_feat_more_columns

Skill      XL: |  1  2  3  4  5  6  7  8  9 10 |
---------------+-------------------------------+-----
Ice Magic      | 5 6 7 9 10 11 | 11.3
Spellcasting   | 3 4 5 6 7 8 |  8.5
Dodging        | 3 4 5 6 7 |  7.1
Stealth        | 2 |  2.2
Charms         | 1 2 |  2.6
Summonings     | 2 4 |  4.0
Long Blades    | 3 4 |  4.4
Fighting       | 1 |  1.5
Throwing       | |  0.1
Conjurations   | |  0.1

Action                   |  1- 3 |  4- 6 |  7- 9 | 10-12 || total
-------------------------+-------+-------+-------+-------++-------
Melee: Unarmed           |     1 |       |       |       ||     1
       Dagger            |       |    56 |   103 |       ||   159
       Long sword        |       |       |    62 |     8 ||    70
       Scimitar          |       |       |       |     3 ||     3
Throw: Stone             |     2 |    19 |     9 |       ||    30
       Dart              |       |       |     5 |    15 ||    20
       Boomerang         |       |       |       |     2 ||     2
 Cast: Freeze            |    32 |    15 |     2 |       ||    49
       Frozen Ramparts   |     3 |    25 |    43 |    10 ||    81
       Ozocubu's Armour  |       |     1 |    19 |     1 ||    21
       Summon Ice Beast  |       |       |     7 |     6 ||    13
       Hailstorm         |       |       |       |     2 ||     2
Evoke: Wand              |       |       |     1 |       ||     1
  Use: Potion            |       |       |     1 |       ||     1
       Scroll            |       |       |       |     8 ||     8
 Stab: Sleeping          |       |     4 |     1 |       ||     5
  Eat: Chunk             |     2 |    13 |     9 |     6 ||    30
       Ration            |       |       |     3 |       ||     3
Armor: Robe              |     2 |    16 |    47 |     2 ||    67
       Ring mail         |       |       |       |     1 ||     1
Dodge: Dodged            |    27 |    43 |   122 |     6 ||   198
       Rpst.: Long sword |       |       |    16 |       ||    16
